 Dungeon Crawl Stone Soup version 0.24.0-35-gdb84b6a5db (webtiles) character file.

Game seed: 18349891578407482408, levelgen mode: deterministic

451 Delamore the Shield-Bearer (level 7, -3/42 HPs)
             Began as a Gargoyle Fighter on Nov 17, 2019.
             Splashed by Ijyb's acid (7 damage)
             ... on level 3 of the Dungeon.
             The game lasted 00:04:41 (2322 turns).

Delamore the Shield-Bearer (Gargoyle Fighter)       Turns: 2322, Time: 00:04:42

Health: -3/42      AC: 10    Str: 26    XL:     7   Next: 4%
Magic:  7/7        EV:  8    Int:  9    God:
Gold:   158        SH: 13    Dex:  9    Spells: 6/6 levels left

rFire    . . .     SeeInvis .   p - +3 flail (drain)
rCold    . . .     Gourm    .   q - +3 shield
rNeg     + . .     Faith    .   b - +0 scale mail
rPois    ∞         Spirit   .   g - +1 helmet
rElec    +         Reflect  .   (no cloak)
rCorr    .         Harm     .   (no gloves)
MR       +....                  (no boots)
Stlth    ..........             (no amulet)
HPRegen  0.14/turn              y - +5 ring of strength
MPRegen  0.10/turn              t - ring of protection from magic (curse)

@: corroded
A: negative energy resistance 1, electricity resistance, unbreathing,
petrification resistance, rot immunity, AC +4
a: no special abilities


You were on level 3 of the Dungeon.
You were not hungry.

You visited 1 branch of the dungeon, and saw 3 of its levels.

You collected 158 gold pieces.

Inventory:

Hand Weapons
 a - a +0 flail
 p - a +3 flail of draining (weapon)
Armour
 b - a +0 scale mail (worn)
 c - a +0 shield
 g - a +1 helmet (worn)
 q - a +3 shield (worn)
 v - a +0 helmet
Jewellery
 l - an uncursed ring of magical power
 t - a cursed ring of protection from magic (right hand)
 y - a +5 ring of strength (left hand)
 z - an uncursed ring of fire {unknown}
Scrolls
 h - a scroll of noise
 k - a scroll of blinking
 m - a scroll of magic mapping
 n - a scroll of amnesia
 o - 2 scrolls of fear
 r - a scroll of enchant weapon
 s - a scroll of remove curse {unknown}
 x - a scroll of enchant armour
Potions
 d - a potion of might
 e - a potion of mutation {unknown}
 i - 3 potions of degeneration {unknown}
 j - a potion of agility {unknown}
 u - a potion of brilliance {unknown}
 w - a potion of curing {unknown}
 B - a potion of flight {unknown}
Comestibles
 f - 4 rations
 A - a chunk of flesh


   Skills:
 - Level 3.7 Fighting
 + Level 4.9 Maces & Flails
 - Level 4.0 Armour
 - Level 0.6 Dodging
 - Level 0.1 Stealth
 + Level 5.8 Shields


You had 6 spell levels left.
You didn't know any spells.
Your spell library was empty.

Dungeon Overview and Level Annotations

Branches:
Dungeon (3/15)

Altars:
Ashenzari
Hepliaklqana
Ru
Uskayaw
Vehumet

Annotations:
D:3 Ijyb


Innate Abilities, Weirdness & Mutations

You are resistant to torment.
Your stone body is resilient. (AC +4)
You are immune to poison.
You resist negative energy. (rN+)
You are resistant to electric shocks. (rElec)
You can survive without breathing.
You are immune to petrification.
You are immune to rotting.


Message History

You are too injured to fight recklessly!
You hit Ijyb but do no damage. You drain Ijyb.
Ijyb is moderately wounded.
You block Ijyb's attack. Ijyb hits you but does no damage.
You hit Ijyb.
Ijyb is heavily wounded.
Ijyb barely misses you.
You hit Ijyb.
Ijyb is heavily wounded.
You block Ijyb's attack.
You hit Ijyb but do no damage.
Ijyb is heavily wounded.
Ijyb barely misses you.
You hit Ijyb but do no damage.
Ijyb is heavily wounded.
Ijyb screams, "No!
No, no, no, no!"
Ijyb zaps a wand.
The bolt of acid hits you!!
* * * LOW HITPOINT WARNING * * *
The acid corrodes you!
You are splashed with acid!
You die...

.##*****#.###*
###..##.##...####
##*,,,,,.,#
###(...##.##.### #
*,******* #...#.###.#.>#
#**,*
###.#.#.###...##*****
,,,,***
*##............#......,
,,,,,,*
*#*...##...#####...>....,
,,,,,,***...##..>#.#
###......,
,,,,,,,,,......#.#.#
*......,
,,,,,,*****##..g@..#
*......, *,,,,,* #......#
*......, *,,,,,* #.....?#
*,,...,, *,,,,,* #......#
*,,,,,,, ******* #......#
*,,,,,,, #......#
******** ########


You could see Ijyb.

Vanquished Creatures
  Sigmund (D:2)
  A hound (D:3)
  Terence (D:2)
  Natasha (thrice) (D:2)
  6 adders
  4 oozes
  A worm (D:2)
  2 leopard geckos (D:3)
  13 orcs (D:3)
  3 giant cockroaches
  5 goblins
  10 hobgoblins
  4 jackals (D:1)
  4 ball pythons
  9 bats
  5 frilled lizards
  4 kobolds
  4 rats
80 creatures vanquished.

Notes
Turn   | Place    | Note
-------+----------+-------------------------------------------
     0 | D:1      | Delamore the Gargoyle Fighter began the quest for the Orb.
     0 | D:1      | Reached XP level 1. HP: 14/14 MP: 1/1
    87 | D:1      | Reached XP level 2. HP: 18/19 MP: 2/2
   290 | D:1      | Reached XP level 3. HP: 18/23 MP: 3/3
   809 | D:2      | Noticed Terence
   831 | D:2      | Killed Terence
   831 | D:2      | Reached skill level 4 in Shields
   831 | D:2      | Reached XP level 4. HP: 23/29 MP: 4/4
  1029 | D:2      | Noticed Natasha
  1042 | D:2      | Killed Natasha
  1056 | D:3      | Found a radiant altar of Vehumet.
  1219 | D:2      | Reached XP level 5. HP: 33/33 MP: 5/5
  1379 | D:2      | Noticed Natasha
  1386 | D:2      | Killed Natasha
  1417 | D:2      | Found a hazy altar of Hepliaklqana.
  1420 | D:2      | Found a hide-covered altar of Uskayaw.
  1457 | D:2      | Noticed Natasha
  1462 | D:2      | Killed Natasha
  1622 | D:2      | Found a sacrificial altar of Ru.
  1657 | D:2      | Noticed Sigmund
  1675 | D:2      | Killed Sigmund
  1675 | D:2      | Reached skill level 5 in Shields
  1675 | D:2      | Reached XP level 6. HP: 21/38 MP: 6/6
  2000 | D:3      | Found a shattered altar of Ashenzari.
  2188 | D:3      | Reached XP level 7. HP: 39/42 MP: 7/7
  2313 | D:3      | Noticed Ijyb
  2322 | D:3      | Splashed by Ijyb's acid

Levels and vault maps discovered:
D:1:      onia_arrival_mini_spirals, layout_loops_cross, serial_glass,
          glass_columns_a, glass_columns_b, glass_columns_b, glass_columns_b
D:2:      minmay_wonky_spiral, layout_basic, grunt_temple_overflow_open,
          uniq_sigmund, uniq_natasha, uniq_terence
D:3:      layout_rooms, vehumet_crystals, evilmike_ruin_ashenzari, first_ration,
          uniq_crazy_yiuf_cottage, uniq_ijyb

Skill      XL: |  1  2  3  4  5 |
---------------+----------------+-----
Armour         | 4 |  4.0
Shields        | 4 5 |  5.8
Maces & Flails | 3 4 |  4.9
Fighting       | |  3.7
Dodging        | |  0.6
Stealth        | |  0.1

Action                   |  1- 3 |  4- 6 |  7- 9 || total
-------------------------+-------+-------+-------++-------
Melee: Flail             |   128 |   148 |    39 ||   315
  Use: Scroll            |       |     7 |       ||     7
  Eat: Chunk             |       |     5 |       ||     5
Armor: Scale mail        |    67 |    83 |    12 ||   162
Dodge: Dodged            |    48 |    50 |     8 ||   106
Block: Shield            |    87 |    98 |    24 ||   209
